 Dungeon Crawl Stone Soup version 0.30-a0-986-g7f2e898f52 (webtiles) character file.

Game seed: 15934085772214484754

1073 avis the Insei (level 7, 0/59 HPs)
             Began as a Demigod Transmuter on Apr 1, 2023.
             Killed by nerve-wracking pain
             ... invoked by Grinder
              (10 damage)
             ... on level 5 of the Dungeon.
             The game lasted 00:35:53 (4517 turns).

avis the Insei (Demigod Transmuter)                 Turns: 4517, Time: 00:35:54

Health: 0/59       AC:  2    Str: 15    XL:     7   Next: 80%
Magic:  12/14      EV: 27    Int: 21    God:
Gold:   382        SH:  0    Dex: 23    Spells: 6/12 levels left

rFire   . . .      SeeInvis .    a - melded +2 dagger (vamp)
rCold   . . .      Faith    .    (shield currently unavailable)
rNeg    . . .      Spirit   .    e - melded +0 robe
rPois   x          Reflect  .    p - melded +2 helmet
rElec   .          Rampage  .    (cloak currently unavailable)
rCorr   .                        (gloves currently unavailable)
Will    .....                    t - melded +2 pair of boots
Stlth   ++                       (no amulet)
HPRegen 0.29/turn                c - +5 ring of evasion
MPRegen 0.14/turn                E - +6 ring of intelligence

@: spider-form
A: venomous fangs, tiny, high MP 1, forlorn, divine attributes
a: End Transformation


You were on level 5 of the Dungeon.
You were a venomous arachnid creature.
You visited 1 branch of the dungeon, and saw 7 of its levels.

You collected 382 gold pieces.

Inventory:

Hand Weapons
 a - a +2 vampiric dagger (melded)
 j - a +1 short sword of draining
 m - a +2 dagger of venom
 n - a +0 sling
 o - a +2 dagger of venom
 z - a +4 hand axe
 A - a +3 whip
Missiles
 B - 3 atropa-tipped darts
Armour
 e - a +0 robe (melded)
 p - a +2 helmet (melded)
 t - a +2 pair of boots (melded)
Jewellery
 c - a +5 ring of evasion (left front pincers)
 i - an amulet of magic regeneration
 q - a ring of protection from cold
 E - a +6 ring of intelligence (right front pincers)
Wands
 D - a wand of paralysis (4)
Scrolls
 d - 4 scrolls of poison {unknown}
 f - 2 scrolls of identify {unknown}
 g - 2 scrolls of vulnerability {unknown}
 k - a scroll of summoning {unknown}
 l - 2 scrolls of immolation {unknown}
 r - 4 scrolls of teleportation {unknown}
 w - a scroll of fog {unknown}
 x - a scroll of fear {unknown}
 y - a scroll of amnesia {unknown}
 F - a scroll of magic mapping {unknown}
Potions
 b - 3 potions of lignification
 h - a potion of degeneration {unknown}
 s - a potion of mutation {unknown}
 u - 3 potions of haste {unknown}
 v - 2 potions of brilliance {unknown}
 C - 3 potions of attraction {unknown}


   Skills:
 * Level 4.0 Fighting
 - Level 4.0 Dodging
 - Level 2.0 Stealth
 - Level 5.0 Unarmed Combat
 - Level 3.0 Spellcasting
 - Level 4.0 Transmutations
 - Level 1.0 Poison Magic


You had 6 spell levels left.
You knew the following spells:

 Your Spells              Type           Power      Damage    Failure   Level
a - Beastly Appendage     Tmut           38%        N/A       10%         1
e - Wereblood             Tmut           19%        N/A       12%         2
p - Spider Form           Tmut/Pois      13%        N/A       32%         3

Your spell library contained the following spells:

 Spells                   Type           Power      Damage    Failure   Level
 Poisonous Vapours        Pois/Air       10%        N/A       34%         2
 Cigotuvi's Dreadful Rot  Necr/Pois/Air  8%         N/A       38%         2
 Mephitic Cloud           Conj/Pois/Air  4%         N/A       56%         3
 Ice Form                 Ice/Tmut       11%        N/A       71%         4


Dungeon Overview and Level Annotations

Branches:
Dungeon (7/15)
 Temple: D:4-7

Annotations:
D:3 1 runed translucent door, exclusion: door, Crazy Yiuf
D:5 Grinder


Innate Abilities, Weirdness & Mutations

You are a venomous arachnid creature.
You have venomous fangs.
You are tiny and dextrous.
Your spellcasting is less reliable in this form.
Your armour is entirely melded.
You are incapable of wielding weapons or throwing items.
You have an increased reservoir of magic. (+10% MP)
You shall have no god before yourself.
Your divine heritage dramatically boosts your attributes as you level up.


Message History

Confirm with . or Enter, or press ? or * to list all spells.
You turn into a venomous arachnid creature.
Your +2 vampiric dagger melds into your body.
Your +2 helmet melds into your body.
Your +2 pair of boots melds into your body.
Your +0 robe melds into your body.
You feel the dreadful sensation subside.
Grinder completely misses you.
You bite Grinder!
Grinder is severely wounded.
You bite Grinder!
Grinder is almost dead.
Grinder hits you.
You writhe in agony.
You completely miss Grinder.
Grinder is almost dead.
Grinder hits you!
You writhe in agony.
You completely miss Grinder.
Grinder is almost dead.
Grinder hits you.
You writhe in agony.
You hit Grinder but do no damage.
Grinder is almost dead.
Grinder gestures at you.
You suddenly lose the ability to move!
Grinder hits you.
* * * LOW HITPOINT WARNING * * *
Grinder barely misses you. Grinder hits you.
* * * LOW HITPOINT WARNING * * *
You writhe in agony.
* * * LOW HITPOINT WARNING * * *
Grinder gestures at you. You resist with some effort.
Grinder says, "Are you a fish?" Grinder hits you but does no damage.
You can move again.
You hit Grinder.
Grinder is almost dead.
Grinder gestures at you. Pain shoots through your body!
You die...

#. # #. #. #. #..
#. ...... #.
#......#.##
#..##.....#
#..######5# #..#
#s#
#..######.######.#
#................#
#.######.########
#.######.#
#........#
##########


You could see Grinder.

Vanquished Creatures
  Prince Ribbit (D:6)
  Sigmund (D:2)
  A phantom (D:5)
  A scorpion (D:4)
  A jelly (D:5)
  A gnoll bouda (D:5)
  A sleepcap (D:3)
  2 iguanas
  2 orc wizards (D:5)
  Robin (D:2)
  14 adders
  11 gnolls
  3 ufetubi
  3 worms
  2 dart slugs (D:1)
  8 orcs
  5 ball pythons
  6 endoplasms
  2 giant cockroaches (D:1)
  18 goblins
  9 hobgoblins
  2 jackals (D:1)
  8 quokkas
  5 bats
  4 frilled lizards
  13 kobolds
  9 rats
134 creatures vanquished.

Vanquished Creatures (others)
  7 fungi (D:1)
  A plant (D:1)
8 creatures vanquished.

Grand Total: 142 creatures vanquished

Notes
Turn   | Place    | Note
-------+----------+-------------------------------------------
     0 | D:1      | avis the Demigod Transmuter began the quest for the Orb.
     0 | D:1      | Reached XP level 1. HP: 15/15 MP: 5/5
    19 | D:1      | Reached skill level 1 in Fighting
   117 | D:1      | Reached XP level 2. HP: 24/24 MP: 4/7
   372 | D:1      | Reached skill level 3 in Unarmed Combat
   503 | D:1      | Reached skill level 1 in Stealth
   508 | D:1      | Reached XP level 3. HP: 28/29 MP: 8/8
  1103 | D:2      | Noticed Sigmund
  1282 | D:2      | Reached XP level 4. HP: 28/36 MP: 7/9
  1450 | D:2      | Killed Sigmund
  1451 | D:2      | Reached skill level 4 in Unarmed Combat
  1451 | D:2      | Reached XP level 5. HP: 26/45 MP: 10/10
  1456 | D:2      | Learned a level 3 spell: Spider Form
  1459 | D:2      | Learned a level 2 spell: Wereblood
  1637 | D:2      | Noticed Robin
  1665 | D:2      | Killed Robin
  1716 | D:2      | Reached XP level 6. HP: 51/51 MP: 9/11
  2002 | D:3      | Reached skill level 1 in Poison Magic
  2235 | D:3      | Found a runed translucent door.
  2236 | D:3      | Noticed Crazy Yiuf
  3302 | D:4      | You fall into a shaft and drop 3 floors!
  3313 | D:6      | Noticed Prince Ribbit
  3352 | D:6      | Killed Prince Ribbit
  3353 | D:6      | Reached skill level 5 in Unarmed Combat
  3353 | D:6      | Reached XP level 7. HP: 25/59 MP: 8/13
  3432 | D:5      | Entered Level 5 of the Dungeon
  4494 | D:5      | Noticed Grinder
  4496 | D:5      | Paralysed by Grinder for 5 turns
  4511 | D:5      | Paralysed by Grinder for 5 turns
  4517 | D:5      | Killed from afar by Grinder

Illustrated notes

Levels and vault maps discovered:
D:1:      dpeg_arrival_arbitrary_c, layout_basic,
          shapermc_ecumenical_altar_mp_urbaneastern
D:2:      layout_rooms, basic_altar, nicolae_half_adder, uniq_sigmund,
          uniq_robin
D:3:      layout_loops_ring, mainiacjoe_overflow_alcove_3, minmay_distorted,
          uniq_crazy_yiuf_cottage
D:4:      layout_cave_pods, mainiacjoe_overflow_six_doors_small,
          kennysheep_mini_moat, nemelex_diamond_rough_becter
D:5:      layout_basic, uniq_grinder
D:6:      layout_rooms, jmf_multi_god_temple2, kennysheep_generic_room_12,
          uniq_prince_ribbit1
D:7:      layout_loops_ring, minmay_temple_entry_mini_moons,
          gammafunk_ghost_necromancy

Skill      XL: |  1  2  3  4  5  6  7 |
---------------+----------------------+-----
Fighting       | 2 3 4 |  4.0
Unarmed Combat | 3 4 5 |  5.0
Dodging        | 2 3 4 |  4.0
Stealth        | 1 2 |  2.0
Spellcasting   | 2 3 |  3.0
Transmutations | 3 4 |  4.0
Poison Magic   | 1 |  1.0

Action                     |  1- 3 |  4- 6 |  7- 9 || total
---------------------------+-------+-------+-------++-------
  Melee: Unarmed           |    74 |    31 |    70 ||   175
         Kick              |    20 |    33 |     7 ||    60
         Headbutt          |    15 |    23 |     4 ||    42
         Dagger            |    35 |   143 |    16 ||   194
         Punch             |     1 |     4 |       ||     5
   Cast: Beastly Appendage |    29 |    39 |     3 ||    71
         Spider Form       |       |     4 |    11 ||    15
   Stab: Sleeping          |     1 |     5 |       ||     6
 Armour: Robe              |    15 |    16 |     1 ||    32
         Skin              |       |     3 |     1 ||     4
  Dodge: Dodged            |    74 |   156 |    74 ||   304

Table legend: (Time is in decaauts)
 A = Elapsed time spent in this place.
 B = Non-inter-level travel time spent in this place.
 C = Inter-level travel time spent in this place.
 D = Time resting spent in this place.
 E = Time spent auto-exploring this place.
 F = Levels seen in this place.
 G = Mean time per level.
                   A        B        C        D        E       F      G
               +--------+--------+--------+--------+--------+-----+--------+
         Total |   4507 |   4196 |    311 |    575 |   2070 |   7 |  643.9 |
       Dungeon |   4507 |   4196 |    311 |    575 |   2070 |   7 |  643.9 |
               +--------+--------+--------+--------+--------+-----+--------+

Top non-repeatable levels by time:
     D:1: 1021 daAuts
     D:4: 997 daAuts
     D:2: 908 daAuts
     D:3: 786 daAuts
     D:5: 664 daAuts
     D:6: 117 daAuts
     D:7: 10 daAuts
